cohdb
Replays
Latest Replays
All Replays
Popular Replays
Top Player Replays
Match Explorer
How It Works
Community
CoH3 Stats
Reddit
Sign in to upload your games and track your stats! →
Sign in with Steam
Match 45775328
Unlisted
Match 45775328
Overview
Messages
Build Orders
End
Royal Engineer Section
Construct Section Command Post
Infantry Section
Dingo Light Scout Car
Infantry Section
Construct Platoon Command Post
Unlock M3 Stuart Light Tanks
M3 Stuart Light Tank
Infantry Section
Grenade Package
6-pounder Anti-tank Gun Team
Construct Company Command Post
Vickers Machine Gun Team
Infantry Section
Selects Heavy Armor Battlegroup
Selects Rigorous Vehicle Training
Selects Forward Repair Assembly
Selects Light Vehicle Withdraw and Refit
Matilda II Heavy Tank
m0rtie
Asni
dad81ace
sq04010
Wheanors McQueen
LeonSM
卡卡
vincent
0
0
Comments
sign in to comment!
No comments posted yet!